 Dungeon Crawl Stone Soup version 0.23-a0-650-ga4d50d4 (webtiles) character file.

55 Blackhawk the Insei (level 3, -5/29 HPs)
             Began as a Draconian Transmuter on Jan 3, 2019.
             Slain by Sigmund
             ... wielding a +0 scythe
              (6 damage)
             ... on level 2 of the Dungeon.
             The game lasted 00:03:02 (1546 turns).

Blackhawk the Insei (Draconian Transmuter)          Turns: 1546, Time: 00:03:02

Health: -5/29      AC:  6    Str: 12    XL:     3   Next: 67%
Magic:  6/6        EV: 12    Int: 13    God:
Gold:   76         SH:  0    Dex: 12    Spells: 5/6 levels left

rFire    . . .     SeeInvis .     - Unarmed
rCold    . . .     Gourm    .   (no shield)
rNeg     . . .     Faith    .   (armour unavailable)
rPois    .         Spirit   .   (helmet restricted)
rElec    .         Reflect  .   (no cloak)
rCorr    .         Harm     .   i - +0 pair of gloves
MR       .....                  (no boots)
Stlth    +.........             (no amulet)
HPRegen  0.09/turn              (no ring)
MPRegen  0.10/turn              (no ring)

@: no status effects
A: unfitting armour, cold-blooded, AC +5
a: no special abilities


You were on level 2 of the Dungeon.
You were not hungry.

You visited 1 branch of the dungeon, and saw 2 of its levels.

You collected 76 gold pieces.

Inventory:

Missiles
 a - 51 arrows
Armour
 i - a +0 pair of gloves (worn)
Jewellery
 h - a +3 ring of evasion {unknown}
Scrolls
 f - 4 scrolls of identify {unknown}
 j - a scroll of remove curse {unknown}
 k - a scroll of fog {unknown}
 l - a scroll of fear {unknown}
 m - a scroll of teleportation {unknown}
 o - a scroll of enchant weapon {unknown}
Potions
 b - a potion of magic {unknown}
 d - a potion of haste {unknown}
 e - a potion of curing {unknown}
 g - a potion of heal wounds {unknown}
 n - a potion of flight {unknown}
Comestibles
 c - 3 rations
 p - 2 chunks of flesh


   Skills:
 + Level 2.0 Fighting
 + Level 2.2 Dodging
 + Level 3.3 Unarmed Combat
 + Level 2.4 Spellcasting
 + Level 2.5 Transmutations


You had 5 spell levels left.
You knew the following spells:

 Your Spells              Type           Power        Failure   Level  Hunger
a - Beastly Appendage     Tmut           #.....       9%          1    #......

Your spell library contained the following spells:

 Spells                   Type           Power        Failure   Level  Hunger
 Sticks to Snakes         Tmut           #.......     13%         2    ###....
 Spider Form              Tmut/Pois      #.........   41%         3    ###....
 Ice Form                 Ice/Tmut       #.......     82%         4    #####..
 Blade Hands              Tmut           #.........   94%         5    ######.


Dungeon Overview and Level Annotations

Branches:
Dungeon (2/15)

Altars:

Annotations:
D:2 Sigmund


Innate Abilities, Weirdness & Mutations

Your plain brown scales are hard. (AC +5)
You cannot fit into any form of body armour.
You are cold-blooded and may be slowed by cold attacks.


Message History

You are too confused!
You are too confused!
You are too confused!
You are too confused!
You are too confused!
You are too confused!
You are too confused!
You are too confused!
You are too confused!
You are too confused!
You are too confused!
You bump into the rock wall.
The kobold shouts!
Something hits you! Something hits you!
* * * LOW HITPOINT WARNING * * *
You bump into the rock wall.
You feel less confused. Something hits you.
You die...

#### #.. # #
#.###w#.### ..
#.####.#.g.....# #.
#.....@.g#.#.#.# #.
######.### # #.### ###
#.###.#
#...###.#####.....#
####...##.#......#####
.##......###.....#
....#.#รท## ##....#
.###.#.#.###.....#
###.###.#.#......#


You could see a worm and 2 hobgoblins.

Vanquished Creatures
  An adder (D:2)
  2 dart slugs
  A leopard gecko (D:1)
  2 giant cockroaches
  3 goblins (D:1)
  A hobgoblin (D:1)
  5 jackals
  6 kobolds
  2 quokkas (D:2)
  2 ball pythons (D:2)
  4 bats (D:1)
  5 frilled lizards
  10 rats
44 creatures vanquished.

Notes
Turn   | Place    | Note
-------+----------+-------------------------------------------
     0 | D:1      | Blackhawk the Draconian Transmuter began the quest for the
                  | Orb.
     0 | D:1      | Reached XP level 1. HP: 16/16 MP: 3/3
   197 | D:1      | Reached XP level 2. HP: 23/23 MP: 5/5
   714 | D:1      | Reached XP level 3. HP: 29/29 MP: 6/6
  1523 | D:2      | Noticed Sigmund
  1542 | D:2      | HP: 1/29 [something (13)]
  1546 | D:2      | Slain by Sigmund

Vault maps used:
D:1:      dpeg_arrival_ratfight
D:2:      uniq_sigmund

Skill      XL: |  1  2  3 |
---------------+----------+-----
Dodging        | 2 |  2.2
Fighting       | 2 |  2.0
Unarmed Combat | |  3.3
Spellcasting   | |  2.4
Transmutations | |  2.5

Action                   || total
-------------------------++-------
Melee: Unarmed           ||   164
       Tailslap          ||    19
  Eat: Chunk             ||     2
Armor: Skin              ||    54
Dodge: Dodged            ||   102

Table legend:
 A = Non-vault XP
 B = Vault XP
 C = Vault XP percentage of total XP
 D = Non-vault monster count
 E = Vault monster count
 F = Vault count percentage of total count
                 A         B        C        D         E       F
            +---------+---------+-------+---------+---------+-------
      Total |      74 |       5 |   6.3 |      39 |       5 |  11.4
            +---------+---------+-------+---------+---------+-------
        D:1 |      36 |       5 |  12.2 |      23 |       5 |  17.9
        D:2 |      38 |       0 |   0.0 |      16 |       0 |   0.0
            +---------+---------+-------+---------+---------+-------
